PA
CHICAGO TULA @ WASHINGTON GENERALS
09/02/2031
 
TOP OF THE 1ST
Chicago Tula batting - Pitching for Washington Generals : RHP Phillip Donoghue
Pitching: RHP Phillip Donoghue
Batting: SHB Augusto Trejo 0-0: Called Strike
0-1: Called Strike
0-2: Ball
1-2: Ball
2-2: Foul Ball, location: 2F
2-2: Ball
3-2: Ground out 4-3 (Groundball, 4)
Batting: RHB Fontana Contaldo 0-0: Ball
1-0: Ball
2-0: Ball
3-0: Base on Balls
Batting: RHB Shou-chien Luo 0-0: Ball
1-0: Foul Ball, location: 2F
1-1: Swinging Strike
1-2: Fly out, F9 (Flyball, 89M)
Batting: LHB Rio Mence 0-0: Called Strike
0-1: Ball
1-1: Ball
2-1: Ball
3-1: Ground out U3 (Groundball, 3)
Top of the 1st over - 0 runs, 0 hits, 0 errors, 1 left on base; Chicago 0 - Washington 0
BOTTOM OF THE 1ST
Washington Generals batting - Pitching for Chicago Tula : RHP Tsu-wee Qi
Pitching: RHP Tsu-wee Qi
Batting: RHB Alejandro Aquilera 0-0: Ball
1-0: Ball
2-0: Foul Ball, location: 2F
2-1: Ground out 5-3 (Groundball, 56)
Batting: RHB John Ellwanger 0-0: Called Strike
0-1: Foul Ball, location: 2F
0-2: Strikes out swinging
Batting: RHB Júlio Rodríguez 0-0: Foul Ball, location: 2F
0-1: Foul Ball, location: 2F
0-2: Strikes out looking
Bottom of the 1st over - 0 runs, 0 hits, 0 errors, 0 left on base; Chicago 0 - Washington 0
TOP OF THE 2ND
Chicago Tula batting - Pitching for Washington Generals : RHP Phillip Donoghue
Batting: RHB Frank de Blooys 0-0: Called Strike
0-1: Ball
1-1: Foul Ball, location: 2F
1-2: Foul Ball, location: 2F
1-2: Strikes out swinging
Batting: RHB Júlio Salazar 0-0: Called Strike
0-1: Foul Ball, location: 2F
0-2: Strikes out looking
Batting: RHB Tae-wan Kim 0-0: Ball
1-0: Called Strike
1-1: Ball
2-1: Ball
3-1: Called Strike
3-2: Base on Balls
Batting: RHB Román Sánchez 0-0: Called Strike
0-1: Called Strike
0-2: Fly out, F7 (Flyball, 7LS)
Top of the 2nd over - 0 runs, 0 hits, 0 errors, 1 left on base; Chicago 0 - Washington 0
BOTTOM OF THE 2ND
Washington Generals batting - Pitching for Chicago Tula : RHP Tsu-wee Qi
Batting: RHB Dan Vanblarcom 0-0: Ball
1-0: Called Strike
1-1: Ball
2-1: Foul Ball, location: 2F
2-2: Fly out, F9 (Flyball, 89S)
Batting: LHB Vance Corkum 0-0: Swinging Strike
0-1: Ball
1-1: Foul Ball, location: 2F
1-2: Fly out, F9 (Flyball, 9S)
Batting: RHB Fernando Acevedo 0-0: Called Strike
0-1: Foul Ball, location: 2F
0-2: Ball
1-2: Ball
2-2: Foul Ball, location: 2F
2-2: Strikes out looking
Bottom of the 2nd over - 0 runs, 0 hits, 0 errors, 0 left on base; Chicago 0 - Washington 0
TOP OF THE 3RD
Chicago Tula batting - Pitching for Washington Generals : RHP Phillip Donoghue
Batting: RHB David Snider 0-0: Single, Error in OF, E8, batter to second base
Batting: SHB Augusto Trejo 0-0: Called Strike
0-1: Called Strike
0-2: Foul Ball, location: 2F
0-2: Strikes out looking
Batting: RHB Fontana Contaldo 0-0: Foul Ball, location: 2F
0-1: Called Strike
0-2: Strikes out swinging
Batting: RHB Shou-chien Luo 0-0: Swinging Strike
0-1: Ball
1-1: Swinging Strike
1-2: Foul Ball, location: 2F
1-2: Strikes out looking
Top of the 3rd over - 0 runs, 1 hit, 1 error, 1 left on base; Chicago 0 - Washington 0
BOTTOM OF THE 3RD
Washington Generals batting - Pitching for Chicago Tula : RHP Tsu-wee Qi
Batting: RHB Ken Pittman 0-0: Called Strike
0-1: Called Strike
0-2: Ball
1-2: Strikes out swinging
Batting: LHB Silas Givens 0-0: Ball
1-0: Called Strike
1-1: Foul Ball, location: 2F
1-2: Ball
2-2: Strikes out looking
Batting: RHB Jun Gan 0-0: Called Strike
0-1: DOUBLE (Line Drive, 78XD)
Batting: RHB Alejandro Aquilera 0-0: Swinging Strike
0-1: SINGLE (Groundball, 4MD)
Jun Gan to third
Runner from 3rd tries for Home, SAFE, no throw
Batting: RHB John Ellwanger 0-0: Ball
Alejandro Aquilera is caught stealing 2nd base
Bottom of the 3rd over - 1 run, 2 hits, 0 errors, 0 left on base; Chicago 0 - Washington 1
TOP OF THE 4TH
Chicago Tula batting - Pitching for Washington Generals : RHP Phillip Donoghue
Batting: LHB Rio Mence 0-0: Ball
1-0: Ball
2-0: Called Strike
2-1: Swinging Strike
2-2: Ball
3-2: Strikes out swinging
Batting: RHB Frank de Blooys 0-0: Fly out, F4 (Line Drive, 4M)
Batting: RHB Júlio Salazar 0-0: SINGLE (Groundball, 4MD)
Batting: RHB Tae-wan Kim 0-0: Ball
1-0: Foul Ball, location: 2F
1-1: Foul Ball, location: 2F
1-2: SINGLE (Line Drive, 5D)
Júlio Salazar to second
Batting: RHB Román Sánchez 0-0: Ball
1-0: Foul Ball, location: 2F
1-1: Swinging Strike
1-2: Foul Ball, location: 2F
1-2: Ball
2-2: Strikes out swinging
Top of the 4th over - 0 runs, 2 hits, 0 errors, 2 left on base; Chicago 0 - Washington 1
BOTTOM OF THE 4TH
Washington Generals batting - Pitching for Chicago Tula : RHP Tsu-wee Qi
Batting: RHB John Ellwanger 0-0: Ball
1-0: SINGLE (Groundball, 34D)
Batting: RHB Júlio Rodríguez 0-0: Ball
1-0: Ball
2-0: Ball
3-0: Called Strike
3-1: Called Strike
3-2: Base on Balls
John Ellwanger to second
Batting: RHB Dan Vanblarcom 0-0: Called Strike
0-1: Ball
1-1: SINGLE (Groundball, 4MD)
John Ellwanger to third
Júlio Rodríguez to second
Batting: LHB Vance Corkum 0-0: Called Strike
0-1: Ball
1-1: Fly out, F9 (Line Drive, 89D)
Runner from 3rd tags up, SCORES, no throw
Batting: RHB Fernando Acevedo 0-0: Called Strike
0-1: Fielders Choice at 2nd, 6-4 (Groundball, 6)
Júlio Rodríguez to third
Batting: RHB Ken Pittman 0-0: 3-RUN HOME RUN (Flyball, 7LD), Distance : 344 ft
Batting: LHB Silas Givens 0-0: Ball
1-0: SINGLE (Groundball, 56D)
Batting: RHB Jun Gan 0-0: Ball
1-0: Ball
2-0: SINGLE (Line Drive, 56D)
Silas Givens to second
Batting: RHB Alejandro Aquilera 0-0: Ball
1-0: Ball
2-0: Ball
3-0: Called Strike
3-1: Called Strike
3-2: Strikes out looking
Bottom of the 4th over - 4 runs, 5 hits, 0 errors, 2 left on base; Chicago 0 - Washington 5
TOP OF THE 5TH
Chicago Tula batting - Pitching for Washington Generals : RHP Phillip Donoghue
Batting: RHB David Snider 0-0: Called Strike
0-1: Swinging Strike
0-2: Ball
1-2: Strikes out swinging
Batting: SHB Augusto Trejo 0-0: Ball
1-0: Called Strike
1-1: Foul Ball, location: 2F
1-2: Ball
2-2: Foul Ball, location: 2F
2-2: Ground out 6-3 (Groundball, 6)
Batting: RHB Fontana Contaldo 0-0: Called Strike
0-1: Foul Ball, location: 2F
0-2: Ball
1-2: SINGLE (Line Drive, 34D)
Batting: RHB Shou-chien Luo 0-0: Ball
1-0: Ground out 4-3 (Groundball, 4M)
Top of the 5th over - 0 runs, 1 hit, 0 errors, 1 left on base; Chicago 0 - Washington 5
BOTTOM OF THE 5TH
Washington Generals batting - Pitching for Chicago Tula : RHP Tsu-wee Qi
Batting: RHB John Ellwanger 0-0: Called Strike
0-1: Swinging Strike
0-2: Strikes out swinging
Batting: RHB Júlio Rodríguez 0-0: Ball
1-0: Ball
2-0: Swinging Strike
2-1: Foul Ball, location: 2F
2-2: Foul Ball, location: 2F
2-2: Strikes out swinging
Batting: RHB Dan Vanblarcom 0-0: Ball
1-0: Called Strike
1-1: Fly out, F7 (Flyball, 7)
Bottom of the 5th over - 0 runs, 0 hits, 0 errors, 0 left on base; Chicago 0 - Washington 5
TOP OF THE 6TH
Chicago Tula batting - Pitching for Washington Generals : RHP Phillip Donoghue
Batting: LHB Rio Mence 0-0: Called Strike
0-1: Fly out, F4 (Line Drive, 4M)
Batting: RHB Frank de Blooys 0-0: Fly out, F8 (Flyball, 8RM)
Batting: RHB Júlio Salazar 0-0: Called Strike
0-1: Ball
1-1: Ball
2-1: Ball
3-1: Foul Ball, location: 2F
3-2: Foul Ball, location: 2F
3-2: Base on Balls
Batting: RHB Tae-wan Kim 0-0: Called Strike
0-1: Foul Ball, location: 2F
0-2: Strikes out swinging
Top of the 6th over - 0 runs, 0 hits, 0 errors, 1 left on base; Chicago 0 - Washington 5
BOTTOM OF THE 6TH
Washington Generals batting - Pitching for Chicago Tula : RHP Tsu-wee Qi
Batting: LHB Vance Corkum 0-0: Called Strike
0-1: Foul Ball, location: 2F
0-2: Foul Ball, location: 2F
0-2: Foul Ball, location: 2F
0-2: Ball
1-2: Strikes out swinging
Batting: RHB Fernando Acevedo 0-0: Ball
1-0: Ground out 4-3 (Groundball, 4)
Batting: RHB Ken Pittman 0-0: Called Strike
0-1: Ball
1-1: Called Strike
1-2: Strikes out swinging
Bottom of the 6th over - 0 runs, 0 hits, 0 errors, 0 left on base; Chicago 0 - Washington 5
TOP OF THE 7TH
Chicago Tula batting - Pitching for Washington Generals : RHP Phillip Donoghue
Batting: RHB Román Sánchez 0-0: Called Strike
0-1: Swinging Strike
0-2: Strikes out swinging
Batting: RHB David Snider 0-0: Called Strike
0-1: Ball
1-1: Ball
2-1: Called Strike
2-2: Strikes out looking
Batting: SHB Augusto Trejo 0-0: Foul Ball, location: 2F
0-1: Ball
1-1: Called Strike
1-2: Foul Ball, location: 2F
1-2: Foul Ball, location: 2F
1-2: Strikes out swinging
Top of the 7th over - 0 runs, 0 hits, 0 errors, 0 left on base; Chicago 0 - Washington 5
BOTTOM OF THE 7TH
Washington Generals batting - Pitching for Chicago Tula : RHP Tsu-wee Qi
Batting: LHB Silas Givens 0-0: Swinging Strike
0-1: Foul Ball, location: 2F
0-2: Ball
1-2: Strikes out looking
Batting: RHB Jun Gan 0-0: Foul Ball, location: 2F
0-1: Ball
1-1: Ball
2-1: Ball
3-1: Called Strike
3-2: Base on Balls
Pitching: RHP Francisco Díaz
Batting: RHB Alejandro Aquilera 0-0: Called Strike
0-1: Foul Ball, location: 2F
0-2: Foul Ball, location: 2F
0-2: Ball
1-2: Foul Ball, location: 2F
1-2: Ball
2-2: Strikes out swinging
Batting: RHB John Ellwanger 0-0: Called Strike
0-1: Ball
1-1: Fly out, F9 (Flyball, 9S)
Bottom of the 7th over - 0 runs, 0 hits, 0 errors, 1 left on base; Chicago 0 - Washington 5
TOP OF THE 8TH
Chicago Tula batting - Pitching for Washington Generals : RHP Phillip Donoghue
Batting: RHB Fontana Contaldo 0-0: Called Strike
0-1: Foul Ball, location: 2F
0-2: Ball
1-2: Strikes out swinging
Pitching: RHP Bo Zhŕo
Batting: RHB Shou-chien Luo 0-0: Ball
1-0: Swinging Strike
1-1: Called Strike
1-2: Ball
2-2: Strikes out swinging
Batting: LHB Rio Mence 0-0: Called Strike
0-1: Ball
1-1: Foul Ball, location: 2F
1-2: DOUBLE (Line Drive, 89D) - OUT at third base trying to stretch hit.
Top of the 8th over - 0 runs, 1 hit, 0 errors, 0 left on base; Chicago 0 - Washington 5
BOTTOM OF THE 8TH
Washington Generals batting - Pitching for Chicago Tula : RHP Francisco Díaz
Batting: RHB Júlio Rodríguez 0-0: Ball
1-0: Foul Ball, location: 2F
1-1: Foul Ball, location: 2F
1-2: Fly out, F6 (Line Drive, 56)
Batting: RHB Dan Vanblarcom 0-0: Foul Ball, location: 2F
0-1: Ball
1-1: SINGLE (Groundball, 6MD)
Batting: LHB Vance Corkum 0-0: Called Strike
0-1: Swinging Strike
0-2: Foul Ball, location: 2F
0-2: Ball
1-2: Fly out, F9 (Flyball, 9D)
Batting: RHB Fernando Acevedo 0-0: Called Strike
0-1: TRIPLE (Flyball, 9LD)
Dan Vanblarcom scores
Batting: RHB Ken Pittman 0-0: Ball
1-0: Ball
2-0: Ball
3-0: Base on Balls
Batting: LHB Silas Givens 0-0: Ball
1-0: Ball
2-0: Called Strike
2-1: Foul Ball, location: 2F
2-2: Fly out, F9 (Flyball, 89M)
Bottom of the 8th over - 1 run, 2 hits, 0 errors, 2 left on base; Chicago 0 - Washington 6
TOP OF THE 9TH
Chicago Tula batting - Pitching for Washington Generals : RHP Bo Zhŕo
Now at C: Bartolo Ramos
Now at 1B: Keizo Morishita
Batting: RHB Frank de Blooys 0-0: Fly out, F4 (Popup, 4)
Batting: RHB Júlio Salazar 0-0: Ground out 5-3 (Groundball, 56)
Batting: RHB Tae-wan Kim 0-0: Called Strike
0-1: Called Strike
0-2: SINGLE (Groundball, 6MD)
Batting: RHB Román Sánchez 0-0: Called Strike
0-1: Ball
1-1: Ball
2-1: Foul Ball, location: 2F
2-2: Strikes out swinging
Top of the 9th over - 0 runs, 1 hit, 0 errors, 1 left on base; Chicago 0 - Washington 6
Tuesday, June 12th, 2018 - OOTP Baseball 18.8 Build 76